 Dungeon Crawl Stone Soup version 0.27-a0-650-g8dd3ea4f36 (webtiles) character file.

Game seed: 1872872680481564119

161 vishdafish the Shield-Bearer (level 5, 0/39 (42) HPs)
             Began as a Formicid Fighter on Mar 15, 2021.
             Slain by a wight
             ... wielding a +4 scimitar of freezing
              (5 damage)
             ... on level 3 of the Dungeon.
             The game lasted 00:04:38 (3069 turns).

vishdafish the Shield-Bearer (Formicid Fighter)     Turns: 3069, Time: 00:04:39

HP:   0/39 (42)     AC:  9    Str: 22    XL:     5   Next: 70%
MP:   5/5           EV:  8    Int:  7    God:
Gold: 128           SH:  9    Dex: 10    Spells: 4/4 levels left

rFire    . . .     SeeInvis +   a - +0 war axe
rCold    . . .     Faith    .   c - +0 kite shield
rNeg     . . .     Spirit   .   b - +0 scale mail
rPois    .         Reflect  .   (helmet unavailable)
rElec    .         Harm     .   (no cloak)
rCorr    .         Rampage  .   k - +1 pair of gloves
Will     +....                  (no boots)
Stlth    ..........             (no amulet)
HPRegen  0.13/turn              j - ring of willpower
MPRegen  0.09/turn              (no ring)

@: drained
A: permanent stasis, dig shafts and tunnels, antennae 3, four strong arms
a: Dig, Shaft Self


You were on level 3 of the Dungeon.
You visited 1 branch of the dungeon, and saw 4 of its levels.

You collected 128 gold pieces.

Inventory:

Hand Weapons
 a - a +0 war axe (weapon)
Missiles
 r - 35 arrows
Armour
 b - a +0 scale mail (worn)
 c - a +0 kite shield (worn)
 k - a +1 pair of gloves (worn)
Jewellery
 j - a ring of willpower (right hand)
Scrolls
 e - 5 scrolls of enchant armour
 i - a scroll of enchant weapon {unknown}
 l - a scroll of immolation {unknown}
 n - a scroll of amnesia {unknown}
 p - a scroll of magic mapping {unknown}
Potions
 d - a potion of might
 h - 2 potions of lignification
 m - a potion of heal wounds
 o - a potion of invisibility
 q - 2 potions of brilliance


   Skills:
 + Level 4.2 Fighting
 + Level 3.2 Axes
 + Level 4.1 Armour
 - Level 0.9 Dodging
 + Level 4.5 Shields


You had 4 spell levels left.
You didn't know any spells.
Your spell library contained the following spells:

 Spells                   Type           Power      Damage    Failure   Level
 Magic Dart               Conj           0%         1d3       97%         1
 Call Imp                 Summ           0%         N/A       99%         2
 Slow                     Hex            0%         N/A       99%         2
 Conjure Flame            Conj/Fire      0%         6-21      100%        3
 Mephitic Cloud           Conj/Pois/Air  0%         N/A       100%        3
 Blink                    Tloc           Unusable   N/A       N/A         2

Dungeon Overview and Level Annotations

Branches:
Dungeon (4/15)
 Temple: D:4-7

Altars:
Elyvilon
Ru


Innate Abilities, Weirdness & Mutations

You cannot be hasted, slowed, berserked, paralysed or teleported.
You can dig through walls and to a lower floor.
You have a pair of large antennae on your head. (SInv)
Your four strong arms can wield two-handed weapons with a shield.


Message History

No target in view!
No target in view!
No target in view!
HP restored.
Things that are here:
a +0 hand axe; a +0 robe You sense a monster nearby. 3 wights come into view.
A wight is wielding a +4 scimitar of freezing.
A wight is wielding a +3 morningstar of freezing.
Things that are here:
a +0 hand axe; a +0 robe You see here 23 stones.
You see here a +0 trident.
There is a stone staircase leading up here.
The wight hits you with a +4 scimitar of freezing!
You feel drained. The wight freezes you.
You climb upwards.
There is a stone staircase leading down here.
You slash the wight!
The wight is heavily damaged.
You block the wight's attack.
The wight hits you with a +4 scimitar of freezing!
The wight freezes you.
You are too injured to fight recklessly!
You are too injured to fight recklessly!
You are too injured to fight recklessly!
You are too injured to fight recklessly!
You are too injured to fight recklessly!
You are too injured to fight recklessly!
You are too injured to fight recklessly!
You are too injured to fight recklessly!
You are too injured to fight recklessly!
You are too injured to fight recklessly!
You are too injured to fight recklessly!
You hit the wight.
The wight is almost destroyed.
The wight hits you with a +4 scimitar of freezing!
* * * LOW HITPOINT WARNING * * *
You feel drained.
You die...

.# #.##.######.......###.....< .#
#)##.# #.##.##.##..####. .#
#.##.######.##.##....## ##
.######.#......[...#.#####.#
......#.#..######..#.# #.#
#####.#............#.# #.#
......###..#.......#.#####.###
####..# #..#.................# #
##..# #..#....@..........#.####
###...###.##...z.#.######..#.....
#≈≈{..≈≈#.....##.....(.....######
#≈.r♣..≈#..........######.##
.........[#######..# #.#
..♣._.♣............# #.#
...................# #.#
#≈..♣..≈#.########## #.#######
#≈≈...≈≈#.# #....†...


You could see a wight.

Vanquished Creatures
  A wight (D:4)
  A hound (D:4)
  2 adders
  A shadow imp (D:3)
  An ooze (D:1)
  2 worms (D:2)
  2 leopard geckos
  An orc (D:4)
  9 bats
  3 giant cockroaches
  6 goblins
  5 hobgoblins
  5 jackals
  6 kobolds
  A quokka (D:2)
  A frilled lizard (D:2)
  3 rats
50 creatures vanquished.

Notes
Turn   | Place    | Note
-------+----------+-------------------------------------------
     0 | D:1      | vishdafish the Formicid Fighter began the quest for the
                  | Orb.
     0 | D:1      | Reached XP level 1. HP: 18/18 MP: 1/1
   307 | D:1      | Reached XP level 2. HP: 14/24 MP: 2/2
   606 | D:1      | You fall into a shaft and drop 1 floor!
   705 | D:2      | Found a sacrificial altar of Ru.
   723 | D:2      | Reached XP level 3. HP: 30/30 MP: 3/3
  1835 | D:2      | Reached XP level 4. HP: 37/37 MP: 4/4
  2521 | D:3      | Found a white marble altar of Elyvilon.
  2977 | D:4      | Reached XP level 5. HP: 42/42 MP: 5/5
  3069 | D:3      | Slain by a wight

Illustrated notes

Levels and vault maps discovered:
D:1:      scummos_arrival_simple_crosswalls, layout_loops_ring,
          minmay_tetromino_o2
D:2:      layout_basic, hangedman_ru_absence
D:3:      layout_loops_ring, elyvilon_altar_4
D:4:      layout_gridville

Skill      XL: |  1  2  3  4 |
---------------+-------------+-----
Shields        | 4 |  4.5
Fighting       | 4 |  4.2
Axes           | 3 |  3.2
Armour         | 4 |  4.1
Dodging        | |  0.9

Action                   |  1- 3 |  4- 6 || total
-------------------------+-------+-------++-------
Melee: War axe           |    95 |    86 ||   181
  Use: Scroll            |       |     6 ||     6
Armor: Scale mail        |    46 |    42 ||    88
Dodge: Dodged            |    41 |    33 ||    74
Block: Kite shield       |    51 |    58 ||   109

Table legend: (Time is in decaauts)
 A = Elapsed time spent in this place.
 B = Non-inter-level travel time spent in this place.
 C = Inter-level travel time spent in this place.
 D = Time resting spent in this place.
 E = Time spent auto-exploring this place.
 F = Levels seen in this place.
 G = Mean time per level.
                   A        B        C        D        E       F      G
               +--------+--------+--------+--------+--------+-----+--------+
         Total |   3168 |   3059 |    109 |      0 |   2529 |   4 |  792.0 |
       Dungeon |   3168 |   3059 |    109 |      0 |   2529 |   4 |  792.0 |
               +--------+--------+--------+--------+--------+-----+--------+

Top non-repeatable levels by time:
     D:2: 1152 daAuts
     D:3: 1007 daAuts
     D:1: 873 daAuts
     D:4: 135 daAuts
